 Dungeon Crawl Stone Soup version 0.21.0-3-g78d12a8 (webtiles) character file.

1337 Firecrotchwizard the Cutter (level 8, -1/42 HPs)
             Began as a Vine Stalker Fighter on Jan 16, 2018.
             Was an Initiate of Okawaru.
             Slain by a purple ugly thing (6 damage)
             ... on level 6 of the Dungeon.
             The game lasted 00:10:52 (5202 turns).

Firecrotchwizard the Cutter (Vine Stalker Fighter)  Turns: 5202, Time: 00:10:52

Health: -1/42      AC:  8    Str: 19    XL:     8   Next: 61%
Magic:  0/9        EV:  7    Int:  8    God:    Okawaru [......]
Gold:   256        SH: 10    Dex: 16    Spells: 7/7 levels left

rFire    + . .     SeeInvis .   k - +1 dagger (freeze)
rCold    + . .     Gourm    .   c - +0 shield
rNeg     . . .     Faith    .   b - +0 scale mail
rPois    .         Spirit   +   A - +1 hat
rElec    .         Reflect  .   (no cloak)
rCorr    .         Harm     .   (no gloves)
MR       +....                  (no boots)
Stlth    ..........             (no amulet)
HPRegen  0.54/turn              m - ring of protection from cold {rC+, !d}
MPRegen  0.11/turn              h - ring of protection from fire {rF+, !d}

@: no status effects
A: fangs 3, regeneration 1, magic shield, antimagic bite, no potion heal 3, rot
immunity
a: Renounce Religion


You were on level 6 of the Dungeon.
You worshipped Okawaru.
Okawaru was noncommittal.
You were not hungry.

You visited 2 branches of the dungeon, and saw 7 of its levels.
You also visited: Sewer.

You collected 256 gold pieces.

Inventory:

Hand Weapons
 a - a +0 rapier
 k - a +1 dagger of freezing (weapon)
   (You found it on level 1 of the Dungeon)
 C - a +1 dagger of holy wrath
   (You took it off an orc on level 5 of the Dungeon)
Missiles
 D - 5 tomahawks of dispersal {=f}
Armour
 b - a +0 scale mail (worn)
 c - a +0 shield (worn)
 A - a +1 hat (worn)
   (You found it on level 5 of the Dungeon)
Jewellery
 h - a ring of protection from fire (right hand) {rF+, !d}
   (You found it on level 3 of the Dungeon)
 m - a ring of protection from cold (left hand) {rC+, !d}
   (You found it on level 2 of the Dungeon)
Wands
 w - a wand of paralysis (34)
   (You took it off Ijyb on level 3 of the Dungeon)
 x - a wand of disintegration (12) {@e1}
   (You found it on level 3 of the Dungeon)
 y - a wand of clouds (4)
   (You found it on level 5 of the Dungeon)
Scrolls
 e - a scroll of amnesia
 i - 2 scrolls of random uselessness
 j - a scroll of enchant weapon
 l - 2 scrolls of remove curse
 n - 6 scrolls of teleportation
 q - 2 scrolls of magic mapping {!r}
Potions
 d - a potion of might
 g - 3 potions of agility
 o - 2 potions of berserk rage {unknown}
 p - a potion of haste {unknown}
 r - 3 potions of brilliance
 s - 2 potions of flight
 u - a potion of lignification {unknown}
 v - a potion of curing {unknown}
Comestibles
 f - 11 rations {@e1}


   Skills:
 + Level 4.9 Fighting
 * Level 6.2 Short Blades
 + Level 4.4 Armour
 + Level 4.9 Shields


You had 7 spell levels left.
You didn't know any spells.

Dungeon Overview and Level Annotations

Branches:
Dungeon (6/15)             Temple (1/1) D:5

Altars:
Dithmenos
Gozag
Hepliaklqana
Okawaru
Sif Muna


Innate Abilities, Weirdness & Mutations

You have razor-sharp teeth.
Your natural rate of healing is unusually fast.
When hurt, damage is shared between your health and your magic reserves.
Your bite disrupts and absorbs the magic of your enemies.
Potions cannot restore your health.
You are immune to rotting.


Message History

MP restored: 9 You see here a steam dragon corpse.
You butcher the steam dragon corpse.
z - 4 chunks of flesh {@w0} The fungus is engulfed in a cloud of scalding steam.
B - a dented garnet amulet
As you read the scroll of identify, it crumbles to dust.
B - a cursed amulet of inaccuracy Drop what? 29/52 slots (_ for help) (? for menu, Esc to quit)
You drop a cursed amulet of inaccuracy.
Eating one of 4 chunks of flesh {@w0}.
You eat one of the 4 chunks of flesh {@w0}.
You see here a ring mail.
f - 11 rations {@e1} (gained 1)
You open the door.
There is an open door here.
There is an open door here.
Done exploring.
Health restored: 42 Done exploring.
(D) Dungeon (T) Temple
Where to? (Enter - D:5, ? - help)
There is an open door here.
All of the chunks of flesh in your inventory have rotted away.
There is a stone staircase leading up here.
There is a stone staircase leading down here.
You climb downwards.
There is a stone staircase leading up here.
A jelly comes into view.
The jelly quivers.
You hit the jelly but do no damage.
Your hands burn!
You bite the jelly. You drain its power. You block the jelly's attack.
You take 1 damage, and have 41/42 hp.
You hit the jelly. You freeze the jelly.
Your hands burn!
You bite the jelly. You drain its power.
You feel invigorated.
You take 1 damage, and have 40/42 hp.
You hit the jelly. You freeze the jelly.
Your hands burn!
The jelly completely misses you.
You take 1 damage, and have 39/42 hp.
You now have 8/9 mp.
You hit the jelly. You freeze the jelly.
You kill the jelly!
Okawaru accepts your kill.
MP restored: 9 You now have 256 gold pieces (gained 21).
A purple ugly thing comes into view.
The purple ugly thing gurgles horribly!
Health restored: 42 The purple ugly thing punches you but does no damage.
You closely miss the purple ugly thing. You bite the purple ugly thing!
You drain its power.
You block the purple ugly thing's attack.
You closely miss the purple ugly thing. The purple ugly thing punches you.
You take 5 damage, and have 37/42 hp.
You hit the purple ugly thing. You freeze the purple ugly thing.
The purple ugly thing punches you!
You take 8 damage, and have 29/42 hp.
You now have 7/9 mp.
You are too injured to fight recklessly!
You are too injured to fight recklessly!
You are too injured to fight recklessly!
You closely miss the purple ugly thing. You bite the purple ugly thing.
You drain its power.
You feel invigorated.
You block the purple ugly thing's attack.
MP restored: 9 You hit the purple ugly thing.
You freeze the purple ugly thing. You bite the purple ugly thing.
You drain its power. You barely miss the purple ugly thing.
Your bite misses the purple ugly thing.
You block the purple ugly thing's attack.
You hit the purple ugly thing. You freeze the purple ugly thing.
Your bite misses the purple ugly thing. The purple ugly thing punches you.
You take 4 damage, and have 27/42 hp.
You now have 8/9 mp.
Your shield prevents you from hitting the purple ugly thing.
You bite the purple ugly thing. You drain its power.
You feel invigorated. The purple ugly thing punches you!
You take 12 damage, and have 15/42 hp.
MASSIVE DAMAGE!!
You now have 5/9 mp.
You closely miss the purple ugly thing. Your bite misses the purple ugly thing.
You hit the purple ugly thing. You freeze the purple ugly thing.
Your bite misses the purple ugly thing.
The purple ugly thing punches you but does no damage.
You hit the purple ugly thing but do no damage.
You block the purple ugly thing's attack.
You hit the purple ugly thing. You freeze the purple ugly thing.
The purple ugly thing punches you but does no damage.
You hit the purple ugly thing but do no damage.
The purple ugly thing punches you!
You take 4 damage, and have 13/42 hp.
You now have 3/9 mp.
You hit the purple ugly thing but do no damage.
You bite the purple ugly thing. You drain its power.
You feel invigorated.
You closely miss the purple ugly thing.
You bite the purple ugly thing, but do no damage.
The purple ugly thing closely misses you.
You hit the purple ugly thing. You freeze the purple ugly thing.
You bite the purple ugly thing! You drain its power.
You feel invigorated. The purple ugly thing punches you!
* * * LOW HITPOINT WARNING * * *
You take 8 damage, and have 5/42 hp.
You now have 1/9 mp.
Your shield and scale mail prevent you from hitting the purple ugly thing.
The purple ugly thing punches you!
You die...

..####.##.###
#.#...#
#.###.#
####.#...#
#....#.###
#.####.#
#.####.#
#....#.###
####@#...#
#u###.# ..#
#.#######
####
#.......#
#######.#
#.#### #....#
###.## #.#


You could see a purple ugly thing.

Vanquished Creatures
  A steam dragon (D:5)
  The ghost of McSplat the Bolt Thrower, an amateur KoHu (D:4)
  2 ice beasts (D:5)
  A phantom (D:5)
  An ogre (D:5)
  A centaur (D:5)
  A crimson imp (D:5)
  A bullfrog zombie (D:5)
  2 jellies
  An orc priest (D:4)
  9 orc wizards
  Ijyb (D:3)
  2 worker ants (D:4)
  A hound zombie (D:5)
  A hound skeleton (D:5)
  A gnoll (D:1)
  3 adders
  2 oozes
  4 worms
  A dart slug (D:1)
  2 leopard geckos
  19 orcs
  4 ball pythons (Sewer)
  12 bats
  6 giant cockroaches
  17 goblins
  6 hobgoblins
  15 jackals
  3 quokkas
  4 frilled lizards
  2 jackal skeletons
  5 kobolds
  9 rats
141 creatures vanquished.

Notes
Turn   | Place    | Note
-------+----------+-------------------------------------------
     0 | D:1      | Firecrotchwizard the Vine Stalker Fighter began the quest for the Orb.
     0 | D:1      | Reached XP level 1. HP: 11/11 MP: 2/2
   178 | D:1      | Reached skill level 2 in Short Blades
   184 | D:1      | Reached XP level 2. HP: 16/16 MP: 3/3
   694 | D:1      | Reached XP level 3. HP: 19/19 MP: 4/4
   710 | D:1      | Reached skill level 3 in Shields
   861 | D:1      | Reached skill level 3 in Fighting
  1257 | D:2      | Gained mutation: Your natural rate of healing is unusually fast. [Vine Stalker growth]
  1257 | D:2      | Reached XP level 4. HP: 23/24 MP: 5/5
  1694 | D:3      | Reached skill level 3 in Short Blades
  1773 | D:3      | Found an opulent altar of Gozag.
  2022 | D:3      | Found a glowing drain.
  2044 | Sewer    | Entered a sewer
  2057 | Sewer    | Reached XP level 5. HP: 26/28 MP: 6/6
  2427 | D:3      | Reached skill level 3 in Armour
  2557 | D:3      | Noticed Ijyb
  2589 | D:3      | Paralysed by Ijyb for 5 turns
  2604 | D:3      | Killed Ijyb
  2978 | D:4      | HP: 7/28 [orc/trident (4)]
  2984 | D:4      | HP: 5/28 [orc wizard/magic dart (5)]
  2989 | D:4      | HP: 6/28 [orc wizard/dagger (2)]
  3011 | D:4      | Reached XP level 6. HP: 18/32 MP: 7/7
  3031 | D:4      | Noticed McSplat's ghost (amateur KoHu)
  3066 | D:4      | Killed McSplat's ghost
  3066 | D:4      | Reached skill level 4 in Short Blades
  3254 | D:4      | Reached XP level 7. HP: 20/37 MP: 8/8
  3399 | D:4      | Reached skill level 4 in Fighting
  3399 | D:4      | Reached skill level 4 in Shields
  3880 | D:5      | Entered Level 5 of the Dungeon
  3958 | D:5      | Reached skill level 5 in Short Blades
  4081 | D:5      | Gained mutation: You have razor-sharp teeth. [Vine Stalker growth]
  4081 | D:5      | Reached XP level 8. HP: 31/42 MP: 7/9
  4123 | D:5      | Found a staircase to the Ecumenical Temple.
  4132 | Temple   | Entered the Ecumenical Temple
  4148 | Temple   | Became a worshipper of Warmaster Okawaru
  4185 | D:5      | Reached skill level 4 in Armour
  4539 | D:5      | Found a deep blue altar of Sif Muna.
  4576 | D:5      | You fall through a shaft!
  4897 | D:5      | Reached skill level 6 in Short Blades
  5184 | D:6      | Noticed a purple ugly thing
  5201 | D:6      | HP: 5/42 [purple ugly thing (9)]
  5202 | D:6      | Slain by a purple ugly thing

Skill      XL: |  1  2  3  4  5  6  7  8 |
---------------+-------------------------+-----
Short Blades   | 2 3 4 5 6 |  6.2
Shields        | 3 4 |  4.9
Fighting       | 3 4 |  4.9
Armour         | 3 4 |  4.4

Action                   |  1- 3 |  4- 6 |  7- 9 || total
-------------------------+-------+-------+-------++-------
Melee: Rapier            |    64 |       |       ||    64
       Bite              |    29 |    96 |   121 ||   246
       Dagger            |    40 |   297 |   289 ||   626
Evoke: Wand              |       |       |     1 ||     1
  Use: Scroll            |       |       |    13 ||    13
  Eat: Chunk             |     1 |     7 |     3 ||    11
       Ration            |       |       |     1 ||     1
Armor: Scale mail        |    38 |   123 |    66 ||   227
Dodge: Dodged            |    22 |    82 |    41 ||   145
Block: Shield            |    54 |   129 |    85 ||   268

Vault maps used:
D:1:      dpeg_arrival_shelter
D:3:      kennysheep_goblin_castle, grunt_gozag_statues, portal_sewer_entry_b
D:4:      minmay_stone_trees_small
D:5:      kennysheep_steamy, lemuel_round_altar, minmay_temple_entry_water_ring,
          first_ration, roderic_lattice_a
D:6:      trog_eyes_of_draining, serial_shops, nicolae_shop_behind_doors,
          minmay_checkerbox, uniq_duvessa, uniq_eustachio, uniq_grinder
Temple:   bh_familiar_temple
Sewer:    sewer_fruit_machine

Table legend:
 A = Turns spent in this place as a percentage of turns spent in the entire game.
 B = Non-inter-level travel turns spent in this place as a percentage of non-inter-level travel turns spent in the entire game.
 C = Inter-level travel turns spent in this place as a percentage of turns spent in this place.
 D = Turns resting spent in this place as a percentage of non-inter-level travel turns spent in this place.
 E = Turns spent auto-exploring this place as a percentage of non-inter-level travel turns spent in this place.
 F = Non-inter-level travel turns spent in this place divided by the number of levels of this place that you've seen.
                   A       B       C       D       E      F
               +-------+-------+-------+-------+-------+----------------------
         Total | 100.0 | 100.0 |   3.2 |  18.9 |  57.3 | 629.8
       Dungeon |  93.4 |  93.4 |   3.2 |  20.2 |  56.8 | 784.2
        Temple |   0.5 |   0.3 |  37.0 |   0.0 |  70.6 |  17.0
         Sewer |   6.1 |   6.3 |   0.0 |   0.0 |  64.9 | 316.0
               +-------+-------+-------+-------+-------+----------------------

Table legend:
 A = Kills in this place as a percentage of kills in entire the game.
 B = Kills by you in this place as a percentage of kills by you in the entire game.
 C = Kills by friends in this place as a percentage of kills by friends in the entire game.
 D = Other kills in this place as a percentage of other kills in the entire game.
 E = Experience gained in this place as a percentage of experience gained in the entire game.
 F = Experience gained in this place divided by the number of levels of this place that you have seen.
                   A       B       C       D       E      F
               +-------+-------+-------+-------+-------+----------------------
         Total | 100.0 | 100.0 |   N/A | 100.0 | 100.0 | 238.8
       Dungeon |  89.4 |  89.3 |   N/A | 100.0 |  98.5 | 313.5
         Sewer |  10.6 |  10.7 |   N/A |   0.0 |   1.5 |  29.0
               +-------+-------+-------+-------+-------+----------------------
